 Dungeon Crawl Stone Soup version 0.24.0-28-g17ded55e90 (webtiles) character file.

Game seed: 9912413377912702103, levelgen mode: deterministic

83 sking99 the Shooter (level 4, 38/38 HPs)
             Began as a Centaur Hunter on Nov 12, 2019.
             Quit the game on level 2 of the Dungeon.
             The game lasted 00:02:33 (1665 turns).

sking99 the Shooter (Centaur Hunter)                Turns: 1665, Time: 00:02:33

Health: 38/38      AC:  5    Str: 16    XL:     4   Next: 22%
Magic:  4/4        EV:  9    Int: 10    God:
Gold:   95         SH:  0    Dex:  9    Spells: 3/3 levels left

rFire    . . .     SeeInvis .   a - +1 shortbow
rCold    . . .     Gourm    .   (shield currently unavailable)
rNeg     . . .     Faith    .   c - +0 leather armour
rPois    .         Spirit   .   p - +0 helmet
rElec    .         Reflect  .   (no cloak)
rCorr    .         Harm     .   (no gloves)
MR       .....                  (no barding)
Stlth    +.........             (no amulet)
HPRegen  0.12/turn              (no ring)
MPRegen  0.09/turn              (no ring)

@: very quick
A: large, hooves 3, deformed body, speed 2, tough skin 3
a: no special abilities


You were on level 2 of the Dungeon.
You were not hungry.

You visited 1 branch of the dungeon, and saw 2 of its levels.

You collected 95 gold pieces.

Inventory:

Hand Weapons
 a - a +1 shortbow (weapon)
 b - a +0 short sword
Missiles
 d - 21 arrows (quivered)
Armour
 c - a +0 leather armour (worn)
 e - a +0 buckler
 p - a +0 helmet (worn)
Jewellery
 h - a +6 ring of dexterity {unknown}
 l - an uncursed amulet of the acrobat
Scrolls
 g - 3 scrolls of remove curse {unknown}
 j - a scroll of identify {unknown}
 k - a scroll of teleportation {unknown}
 m - a scroll of enchant armour {unknown}
 s - 2 scrolls of blinking {unknown}
Potions
 i - a potion of ambrosia {unknown}
 n - a potion of heal wounds {unknown}
 o - a potion of haste
 q - a potion of mutation {unknown}
Comestibles
 f - 4 rations
 r - 2 chunks of flesh


   Skills:
 + Level 3.0 Fighting
 * Level 7.0 Bows
 - Level 1.3 Dodging
 - Level 0.4 Stealth


You had 3 spell levels left.
You didn't know any spells.
Your spell library was empty.

Dungeon Overview and Level Annotations

Branches:
Dungeon (2/15)

Altars:


Innate Abilities, Weirdness & Mutations

You have hooves in place of feet.
Armour fits poorly on your strangely shaped body.
You cover ground very quickly.
You have extremely tough skin. (AC +3)


Message History

A giant cockroach comes into view.
A giant cockroach is nearby!
Firing (i - inventory)
d - 22 arrows (quivered)
Press: ? - help, Shift-Dir - straight line, f - giant cockroach
Aim: a giant cockroach (clinging)
You shoot an arrow. The arrow hits the giant cockroach!
You kill the giant cockroach!
Your Bows skill increases to level 7!
d - 22 arrows (gained 1)
A bat comes into view.
A bat is nearby!
Firing (i - inventory)
d - 22 arrows (quivered)
Press: ? - help, Shift-Dir - straight line, f - bat
Aim: a bat You shoot an arrow.
The arrow closely misses the bat.
The bat hits you but does no damage.
Firing (i - inventory)
d - 21 arrows (quivered)
Press: ? - help, Shift-Dir - straight line, f - you
Okay, then.
Are you sure you want to abandon this character and quit the game? (Confirm with "yes".)

### #...##.##
..# .......##
#.# .......##
#.# .......
#.## .....
...### ...
.#...# #.#
...#.#######.#
#@###
...#.........#
#...#
.#.....######
###.# ...###.#
#.# #.##
#.######## #.#
#.# #(.......##
#.# #.#
#######...###.#
#.#
###.###.##.##
..# #...#
#.....#


There were no monsters in sight!

Vanquished Creatures
  3 adders (D:2)
  A gnoll (D:1)
  An ooze (D:2)
  A worm (D:2)
  4 dart slugs
  A bat (D:1)
  A giant cockroach (D:2)
  2 hobgoblins (D:1)
  2 jackals (D:2)
  A kobold (D:1)
  10 goblins
  4 rats
31 creatures vanquished.

Notes
Turn   | Place    | Note
-------+----------+-------------------------------------------
     0 | D:1      | sking99 the Centaur Hunter began the quest for the Orb.
     0 | D:1      | Reached XP level 1. HP: 17/17 MP: 1/1
    45 | D:1      | Reached XP level 2. HP: 24/24 MP: 2/2
   493 | D:1      | Reached skill level 6 in Bows
   564 | D:1      | Reached XP level 3. HP: 27/30 MP: 3/3
  1179 | D:2      | Reached XP level 4. HP: 37/37 MP: 4/4
  1649 | D:2      | Reached skill level 7 in Bows
  1665 | D:2      | Quit the game

Levels and vault maps discovered:
D:1:      dpeg_arrival_signposts, layout_basic, minmay_misc_feat_more_columns,
          minmay_tromino_mix6
D:2:      layout_loops_ring, makhleb_altar_promises_db

Skill      XL: |  1  2  3  4 |
---------------+-------------+-----
Bows           | 6 7 |  7.0
Fighting       | 3 |  3.0
Dodging        | |  1.3
Stealth        | |  0.4

Action                   |  1- 3 |  4- 6 || total
-------------------------+-------+-------++-------
 Fire: Shortbow          |    57 |    25 ||    82
  Eat: Chunk             |       |     1 ||     1
Armor: Leather armour    |     5 |     4 ||     9
Dodge: Dodged            |     5 |     3 ||     8
